 Dungeon Crawl Stone Soup version 0.28.0 (console) character file.

Game seed: 3165236718894528430

497 AlterAsc the Insei (level 7, -4/48 HPs)
             Began as a Djinni Transmuter on Feb 17, 2022.
             Was an Initiate of Gozag.
             Slain by an ogre (20 damage)
             ... on level 5 of the Dungeon.
             The game lasted 00:17:06 (5279 turns).

AlterAsc the Insei (Djinni Transmuter)              Turns: 5279, Time: 00:17:07

Health: -4/48      AC:  5    Str: 11    XL:     7   Next: 39%
Gold:   423        EV: 11    Int: 14    God:    Gozag SH:  0 Dex: 14

rFire   + + .      SeeInvis .     - Unarmed
rCold   . . .      Faith    .   (no shield)
rNeg    . . .      Spirit   .   l - +0 ring mail
rPois   ∞          Reflect  .   (no helmet)
rElec   .          Harm     .   (no cloak)
rCorr   .          Rampage  .   (no gloves)
Will    .....                   (boots unavailable)
Stlth   +.........              (no amulet)
HPRegen 0.16/turn               t - +4 ring of slaying
MPRegen 0.00/turn               m - ring of protection from cold

@: flying
A: sickness immunity, fire resistance 2, cold vulnerability 1, float, innate
caster, HP casting, extra vitality 1
a: Renounce Religion, Potion Petition, Call Merchant, Bribe Branch


You were on level 5 of the Dungeon.
You worshipped Gozag.
Gozag was aware of your devotion.
You visited 1 branch of the dungeon, and saw 6 of its levels.

You collected 432 gold pieces.
You paid 9 gold pieces to Gozag.

Inventory:

Hand Weapons
 q - a +0 flail
Armour
 a - a +0 robe
 j - a +0 pair of gloves
 l - a +0 ring mail (worn)
Jewellery
 k - a ring of see invisible
 m - a ring of protection from cold (right hand)
 n - a ring of willpower
 t - a +4 ring of slaying (left hand)
Wands
 s - a wand of mindburst (10)
Scrolls
 d - 2 scrolls of immolation {unknown}
 e - a scroll of summoning {unknown}
 f - a scroll of fog {unknown}
 g - 2 scrolls of enchant armour {unknown}
 i - a scroll of amnesia {unknown}
 p - 3 scrolls of teleportation {unknown}
 u - a scroll of identify
 v - a scroll of vulnerability {unknown}
Potions
 b - 2 potions of lignification
 c - 4 potions of curing
 h - 4 potions of brilliance
 o - a potion of mutation {unknown}
 r - a potion of attraction {unknown}
 w - a potion of might {unknown}


   Skills:
 + Level 1.9 Fighting
 + Level 2.7 Armour
 + Level 3.9 Dodging
 - Level 0.9 Stealth
 + Level 5.8 Unarmed Combat
 * Level 2.2 Spellcasting


You couldn't memorise any spells.
You knew the following spells:

 Your Spells              Type           Power      Damage    Failure   Level
a - Beastly Appendage     Tmut           14%        N/A       22%         1
b - Wereblood             Tmut           7%         N/A       32%         2
c - Spider Form           Tmut/Pois      7%         N/A       54%         3
d - Ice Form              Ice/Tmut       7%         N/A       91%         4
e - Animate Skeleton      Necr           14%        N/A       22%         1
f - Scorch                Fire           14%        2d6       32%         2
g - Conjure Flame         Conj/Fire      7%         6-21      54%         3
Your spell library was empty.

Dungeon Overview and Level Annotations

Branches:
Dungeon (6/15)
 Temple: D:4-7

Altars:
Gozag

Annotations:
D:4 Sigmund
D:5 2 transporters, Colgate's ghost, novice DsIE
D:6 2 runed translucent doors


Innate Abilities, Weirdness & Mutations

You are immune to sickness and miasma.
You are immune to poison.
Your flesh is very heat resistant. (rF++)
You are vulnerable to cold. (rC-)
You float through the air rather than walking.
You learn spells naturally, not from books.
Your magical power is your life essence.
You have superior vitality. (+4 MHP)


Message History

The bullfrog skeleton is severely damaged.
The bullfrog skeleton hits you.
You punch the bullfrog skeleton!
You destroy the bullfrog skeleton!
No target in view!
You now have 407 gold pieces (gained 6).
You now have 423 gold pieces (gained 16).
Found a robe.
You see here a +0 robe.
Found 6 poisoned darts.
Found a robe.
You see here 6 poisoned darts.
Found a robe.
You see here a +0 robe.
Found a stone staircase leading down.
w - a sapphire potion The quasit gives a chilling moan. x3
You see here a +0 robe.
An ogre comes into view. It is wielding a +0 giant club.
The ogre shouts!
A hound zombie comes into view.
You punch the ogre!
The ogre is moderately wounded.
The ogre hits you with a +0 giant club!
You hit the ogre.
The ogre is moderately wounded.
You hit the ogre.
The ogre is heavily wounded.
The ogre hits you with a +0 giant club!!
Ouch! That really hurt!
* * * LOW HITPOINT WARNING * * *
Press: ? - help, v - describe, . - travel
Here: an ogre, wielding a +0 giant club (heavily wounded)
The floor.
There is a stone staircase leading down here.
There is a stone staircase leading down here.
There is a stone staircase leading down here.
The ogre hits you with a +0 giant club!!
You die...
Your body crumbles into a pile of gold.

.##..#.............# #.#
#. ..#................#
#.# #.
..................#####.#
####.
###.........#####.......#
#.... #...#####.#
#.####### #.##.
#.........# #.# #.##.
#.######..# #.# #.##. #.#
#<.#####.# #.##. #.#
#..>.ZO@.# #.##. #.#
#.###.#### #.### #.# #.#
#.# #.# #.# #.# #.# #.#
#.# #.###.# #.### #.#
#.##..# #.... #.# #.##.##
##### #.# #)##.#
########### #.# #.##.#
##..........


You could see an ogre and a hound zombie.

Vanquished Creatures
  An ice beast (D:4)
  2 ogres (D:4)
  A water moccasin skeleton (D:5)
  A bullfrog skeleton (D:5)
  Jessica (D:3)
  7 adders
  An ufetubus (D:5)
  2 worms
  4 dart slugs
  4 orcs (D:3)
  3 endoplasms
  2 giant cockroaches
  6 goblins
  4 hobgoblins
  3 jackals (D:1)
  4 kobolds
  4 quokkas
  5 ball pythons
  3 bats
  2 frilled lizards
  A rat (D:3)
61 creatures vanquished.

Vanquished Creatures (others)
  A plant (D:1)
1 creature vanquished.

Grand Total: 62 creatures vanquished

Notes
Turn   | Place    | Note
-------+----------+-------------------------------------------
     0 | D:1      | AlterAsc the Djinni Transmuter began the quest for the Orb.
     0 | D:1      | Reached XP level 1. HP: 17/17 MP: 0/0
   499 | D:1      | Reached XP level 2. HP: 14/22 MP: 0/0
  1166 | D:1      | Found a faded altar of an unknown god.
  1723 | D:2      | Reached XP level 3. HP: 22/27 MP: 0/0
  1723 | D:2      | Learned a level 1 spell: Animate Skeleton
  2046 | D:2      | Reached XP level 4. HP: 19/32 MP: 0/0
  2048 | D:2      | Found an opulent altar of Gozag.
  2073 | D:2      | Became a worshipper of Gozag Ym Sagoz the Greedy
  2615 | D:3      | Reached skill level 4 in Unarmed Combat
  2738 | D:3      | Noticed Jessica
  2751 | D:3      | Killed Jessica
  2752 | D:3      | Reached XP level 5. HP: 31/37 MP: 0/0
  2752 | D:3      | Learned a level 2 spell: Scorch
  3485 | D:4      | Noticed Sigmund
  3615 | D:4      | Noticed an ogre
  3623 | D:4      | Noticed an ogre
  3643 | D:4      | Killed an ogre
  3644 | D:4      | Reached skill level 1 in Armour
  3644 | D:4      | Reached XP level 6. HP: 33/42 MP: 0/0
  3650 | D:4      | HP: 2/42 [ogre (10)]
  3652 | D:4      | Killed an ogre
  3653 | D:4      | Reached skill level 5 in Unarmed Combat
  4032 | D:4      | You are sucked into a shaft and drop 2 floors!
  4032 | D:6      | Noticed an ogre
  4051 | D:6      | Found a runed translucent gate.
  4051 | D:6      | Found a runed translucent gate.
  4096 | D:5      | Entered Level 5 of the Dungeon
  4261 | D:5      | Found a transporter.
  4264 | D:5      | Noticed Colgate's ghost (novice DsIE)
  4297 | D:5      | Found a transporter.
  4473 | D:5      | Noticed an ice beast
  4768 | D:4      | Killed an ice beast
  4769 | D:4      | Reached XP level 7. HP: 48/48 MP: 0/0
  4769 | D:4      | Learned a level 3 spell: Conjure Flame
  5279 | D:5      | Slain by an ogre

Illustrated notes

Levels and vault maps discovered:
D:1:      wander_arrival_desolate, layout_loops_ring,
          shapermc_ecumenical_altar_mp_ritualfount, hangedman_decor_points
D:2:      layout_basic, basic_altar
D:3:      layout_basic, serial_glass, glass_columns_b, glass_columns_c,
          glass_columns_c, glass_columns_a, glass_columns_b, glass_columns_a,
          kennysheep_generic_room_9, uniq_jessica
D:4:      layout_gridville, minmay_misc_feat_plants, uniq_sigmund
D:5:      layout_loops_ring, gammafunk_ghost_stat_death
D:6:      layout_basic, gammafunk_ghost_necromancy, wad_floor_pattern_2,
          roderic_filled_cross, uniq_maggie

Skill      XL: |  1  2  3  4  5  6 |
---------------+-------------------+-----
Spellcasting   | 2 |  2.2
Dodging        | 3 |  3.9
Unarmed Combat | 4 5 |  5.8
Armour         | 1 2 |  2.7
Fighting       | |  1.9
Stealth        | |  0.9

Action                   |  1- 3 |  4- 6 |  7- 9 || total
-------------------------+-------+-------+-------++-------
Melee: Unarmed           |   119 |   179 |    17 ||   315
       Headbutt          |     7 |       |       ||     7
       Punch             |     4 |     7 |       ||    11
 Cast: Beastly Appendage |    10 |     2 |       ||    12
       Wereblood         |     1 |       |       ||     1
  Use: Scroll            |       |     3 |       ||     3
 Stab: Distracted        |       |     1 |       ||     1
Armor: Robe              |    16 |       |       ||    16
       Ring mail         |     8 |    40 |     3 ||    51
Dodge: Dodged            |    82 |    89 |     5 ||   176
